 Dungeon Crawl Stone Soup version 0.30-a0-187-gd9c2deaf24 (webtiles) character file.

Game seed: 14895725427847711677

9 Darkkill the Shooter (level 2, 0/22 HPs)
             Began as a Human Hunter on Oct 3, 2022.
             Slain by a hobgoblin (2 damage)
             ... on level 1 of the Dungeon.
             The game lasted 00:00:25 (103 turns).

Darkkill the Shooter (Human Hunter)                  Turns: 103, Time: 00:00:28

Health: 0/22       AC:  3    Str: 11    XL:     2   Next: 25%
Magic:  2/2        EV: 12    Int:  9    God:
Gold:   16         SH:  0    Dex: 16    Spells: 1/1 levels left

rFire   . . .      SeeInvis .    a - +0 shortbow
rCold   . . .      Faith    .    (shield currently unavailable)
rNeg    . . .      Spirit   .    c - +0 leather armour
rPois   .          Reflect  .    (no helmet)
rElec   .          Harm     .    (no cloak)
rCorr   .          Rampage  .    (no gloves)
Will    .....                    (no boots)
Stlth   ++........               (no amulet)
HPRegen 0.23/turn                (no ring)
MPRegen 0.08/turn                (no ring)

@: no status effects
A: no striking features
a: no special abilities


You were on level 1 of the Dungeon.
You visited 1 branch of the dungeon, and saw 1 of its levels.

You collected 16 gold pieces.

Inventory:

Hand Weapons
 a - a +0 shortbow (weapon)
Armour
 c - a +0 leather armour (worn)
Scrolls
 b - a scroll of immolation


   Skills:
 + Level 2.0 Fighting
 + Level 4.4 Ranged Weapons
 + Level 2.0 Dodging
 + Level 1.0 Stealth


You had one spell level left.
You didn't know any spells.
Your spell library was empty.

Dungeon Overview and Level Annotations

Branches:
Dungeon (1/15)

Altars:


Message History

A jackal comes into view.
The bat hits you.
You shoot an arrow. The arrow misses the bat.
The jackal barks!
The bat closely misses you. The kobold completely misses you.
The hobgoblin hits you but does no damage.
You shoot an arrow. The arrow closely misses the hobgoblin.
The bat misses you. The kobold misses you. The hobgoblin closely misses you.
The bat hits you.
You shoot an arrow. The arrow barely misses the hobgoblin.
The bat completely misses you. The kobold hits you with a +0 whip.
The hobgoblin hits you but does no damage.
You shoot an arrow. The arrow barely misses the hobgoblin.
The bat barely misses you. The kobold hits you with a +0 whip.
The hobgoblin hits you. The jackal closely misses you. The hobgoblin hits you.
The kobold hits you with a +0 whip. The dart slug launches a dart at you.
The slug dart misses you.
You are too injured to fight recklessly!
You are too injured to fight recklessly!
You are too injured to fight recklessly!
You shoot an arrow. The arrow hits the kobold.
You kill the kobold!
The bat barely misses you. The jackal bites you.
* * * LOW HITPOINT WARNING * * *
The jackal bites you.
* * * LOW HITPOINT WARNING * * *
The hobgoblin hits you but does no damage.
The dart slug closely misses you.
You shoot an arrow. The arrow hits the dart slug!
The dart slug is severely wounded.
The bat hits you but does no damage. The jackal barely misses you.
The hobgoblin hits you but does no damage.
The jackal closely misses you.
You shoot an arrow. The arrow hits the dart slug!
You kill the dart slug!
The bat hits you.
* * * LOW HITPOINT WARNING * * *
The jackal bites you but does no damage.
The hobgoblin hits you.
You die...

#..........##....
.#..........#####.#
....#...[..## ##.#
..........# ....
###...###..##..... #
#G#...#G#........#
...###...###........#
#.....g.............#
......)@......#...>.#
......h........#.....
...###.b.###.#.#.....
. #G#...#G#...# ...#
###...###........#
...... .......
....... ...[...
##....## .$..


You could see 2 shining eyes, a floating eye, a golden eye, a jackal, a
hobgoblin and a bat.

Vanquished Creatures
  A dart slug (D:1)
  A ball python (D:1)
  A giant cockroach (D:1)
  3 hobgoblins (D:1)
  2 kobolds (D:1)
8 creatures vanquished.

Notes
Turn   | Place    | Note
-------+----------+-------------------------------------------
     0 | D:1      | Darkkill the Human Hunter began the quest for the Orb.
     0 | D:1      | Reached XP level 1. HP: 16/16 MP: 1/1
    75 | D:1      | Noticed a floating eye
    78 | D:1      | Reached XP level 2. HP: 22/22 MP: 2/2
    83 | D:1      | Noticed a golden eye
    86 | D:1      | Found a faded altar of an unknown god.
    88 | D:1      | Noticed a shining eye
    88 | D:1      | Noticed a shining eye
   103 | D:1      | Slain by a hobgoblin

Illustrated notes

Levels and vault maps discovered:
D:1:      dpeg_arrival_tiny_b, layout_rooms,
          hellmonk_ecumenical_altar_watching_god, minmay_misc_feat_x

Action                   || total
-------------------------++-------
 Fire: Shortbow          ||    20
Armor: Leather armour    ||     6
Dodge: Dodged            ||    15

Table legend: (Time is in decaauts)
 A = Elapsed time spent in this place.
 B = Non-inter-level travel time spent in this place.
 C = Inter-level travel time spent in this place.
 D = Time resting spent in this place.
 E = Time spent auto-exploring this place.
 F = Levels seen in this place.
 G = Mean time per level.
                   A        B        C        D        E       F      G
               +--------+--------+--------+--------+--------+-----+--------+
         Total |    109 |    109 |      0 |      0 |     67 |   1 |  109.0 |
       Dungeon |    109 |    109 |      0 |      0 |     67 |   1 |  109.0 |
               +--------+--------+--------+--------+--------+-----+--------+

Top non-repeatable levels by time:
     D:1: 109 daAuts
